 Dungeon Crawl Stone Soup version 0.24.0-123-gd5b16e6ec5 (webtiles) character file.

Game seed: 6608980462929793430, levelgen mode: deterministic

73 Peloso the Shield-Bearer (level 4, 44/44 HPs)
             Began as a Minotaur Fighter on Jan 11, 2020.
             Got out of the dungeon alive.
             The game lasted 00:02:59 (1150 turns).

Peloso the Shield-Bearer (Minotaur Fighter)         Turns: 1150, Time: 00:02:59

Health: 44/44      AC:  7    Str: 18 (21) XL:     4   Next: 8%
Magic:  3/3        EV:  7    Int:  4 (5)  God:
Gold:   156        SH:  9    Dex:  9 (10) Spells: 3/3 levels left

rFire    + . .     SeeInvis .   a - +0 long sword
rCold    . . .     Gourm    .   c - +0 shield
rNeg     . . .     Faith    .   b - +0 scale mail
rPois    .         Spirit   .   (helmet restricted)
rElec    .         Reflect  .   (no cloak)
rCorr    .         Harm     .   (no gloves)
MR       .....                  (no boots)
Stlth    ..........             (no amulet)
HPRegen  0.14/turn              (no ring)
MPRegen  0.08/turn              (no ring)

@: no status effects
A: retaliatory headbutt, hooves 1, horns 2, fire resistance 1, robust 1, subdued
magic 1
a: no special abilities


You escaped.
You were hungry.

You visited 1 branch of the dungeon, and saw 2 of its levels.

You collected 156 gold pieces.

Inventory:

Hand Weapons
 a - a +0 long sword (weapon)
Armour
 b - a +0 scale mail (worn)
 c - a +0 shield (worn)
Jewellery
 e - a +2 ring of protection {unknown}
 i - an uncursed ring of protection from magic {unknown}
Scrolls
 h - 4 scrolls of teleportation {unknown}
 k - 4 scrolls of identify {unknown}
 n - a scroll of amnesia {unknown}
 o - a scroll of enchant weapon {unknown}
Potions
 d - a potion of might
 m - a potion of invisibility {unknown}
Comestibles
 f - 2 rations


   Skills:
 + Level 4.2 Fighting
 + Level 3.0 Long Blades
 + Level 4.2 Armour
 + Level 0.7 Dodging
 + Level 4.6 Shields


You had 3 spell levels left.
You didn't know any spells.
Your spell library was empty.

Dungeon Overview and Level Annotations

Branches:
Dungeon (2/15)

Altars:
Ru


Innate Abilities, Weirdness & Mutations

You reflexively headbutt those who attack you in melee.
You have a pair of horns on your head.
You have large cloven feet.
Your flesh is heat resistant. (rF+)
You are robust. (+10% HP)
Your spells are a little easier to cast, but a little less powerful.


Message History

You feel weakened.
You feel dopey.
You feel clumsy.
It was a potion of agility.
You feel agile all of a sudden.
It was a potion of mutation.
You feel extremely strange.
Your feet thicken and deform.
Your connection to magic feels subdued.
You feel robust.
You feel resistant to heat.
Okay, then.
(D) Dungeon
Where to? (Enter - D:12, ? - help)
What level of the Dungeon? (default 1, ? - help)
There is a stone staircase leading up here.
You climb upwards.
There is a stone staircase leading down here.
HP restored.
You feel a little less agile now.
There is a staircase leading out of the dungeon here.
Are you sure you want to leave the Dungeon?
This will make you lose the game!
Alright, then stay!
Are you sure you want to leave the Dungeon?
This will make you lose the game!
You have escaped!

..# #.....# #.....######
>.# #.....# #.....# ).#
#.##### #.....# ..#
#.################## .##
#...................
.########
###.################
.#......# ####...####
.#......####.........####
.#......#.[.....@.......#
........####.........####
........# ####...####
........# ##.## .....†.(#
#..# ........# ##.##
..#.##### #..# ..#)# #.##
.##.## #.#


There were no monsters in sight!

Vanquished Creatures
  2 adders (D:2)
  An ooze (D:1)
  2 dart slugs (D:1)
  2 leopard geckos (D:2)
  2 giant cockroaches (D:2)
  6 goblins (D:1)
  6 hobgoblins (D:1)
  4 jackals (D:1)
  9 bats
  2 frilled lizards (D:1)
  2 kobolds (D:2)
  3 rats (D:1)
41 creatures vanquished.

Notes
Turn   | Place    | Note
-------+----------+-------------------------------------------
     0 | D:1      | Peloso the Minotaur Fighter began the quest for the Orb.
     0 | D:1      | Reached XP level 1. HP: 19/19 MP: 0/0
    38 | D:1      | Reached XP level 2. HP: 24/27 MP: 1/1
   463 | D:1      | Reached XP level 3. HP: 33/33 MP: 2/2
   903 | D:2      | Reached XP level 4. HP: 34/40 MP: 3/3
  1015 | D:2      | Found a sacrificial altar of Ru.
  1059 | D:2      | Gained mutation: You have large cloven feet. [potion of
                  | mutation]
  1059 | D:2      | Gained mutation: Your spells are a little easier to cast,
                  | but a little less powerful. [potion of mutation]
  1059 | D:2      | Gained mutation: You are robust. (+10% HP) [potion of
                  | mutation]
  1059 | D:2      | Gained mutation: Your flesh is heat resistant. (rF+)
                  | [potion of mutation]
  1150 | D:$      | Got out of the dungeon alive.

Levels and vault maps discovered:
D:1:      dpeg_arrival_rhombus, layout_basic, nrook_mini_vaults
D:2:      layout_rooms, nicolae_ru_path_of_blood

Skill      XL: |  1  2  3 |
---------------+----------+-----
Fighting       | 4 |  4.2
Armour         | 4 |  4.2
Shields        | 4 |  4.6
Long Blades    | 3 |  3.0
Dodging        | |  0.7

Action                   |  1- 3 |  4- 6 || total
-------------------------+-------+-------++-------
Melee: Long sword        |    80 |     3 ||    83
       Headbutt          |    13 |       ||    13
  Use: Potion            |       |     3 ||     3
Armor: Scale mail        |    40 |       ||    40
Dodge: Dodged            |    39 |     1 ||    40
Block: Shield            |    50 |     2 ||    52
       Rpst.: Long sword |    10 |       ||    10
